 Dungeon Crawl Stone Soup version 0.19.1-1-g22dce08 (webtiles) character file.

377 Alarkh the Chopper (level 6, -10/51 HPs)
             Began as a Draconian Monk on Jan 18, 2017.
             Mangled by an orc warrior
             ... wielding a +0 flail
              (11 damage)
             ... on level 4 of the Dungeon.
             The game lasted 00:04:02 (4139 turns).

Alarkh the Chopper (Draconian Monk)                 Turns: 4139, Time: 00:04:02

Health: -10/51     AC:  9    Str: 13    XL:     6   Next: 45%
Magic:  6/6        EV: 13    Int: 12    God:
Gold:   199        SH:  0    Dex: 14    Spells: 0 memorised, 5 levels left

rFire  . . .     SeeInvis .     a - +0 hand axe
rCold  . . .     Gourm    .     (armour unavailable)
rNeg   . . .     Faith    .     (no shield)
rPois  .         Spirit   .     (helmet restricted)
rElec  .         Reflect  .     i - +2 cloak
rCorr  .         Harm     .     (no gloves)
MR     .....                    (no boots)
Stlth  ++........               (no amulet)
                                (no ring)
                                (no ring)

@: no status effects
A: unfitting armour, cold-blooded, AC +6
a: no special abilities


You were on level 4 of the Dungeon.
You were hungry.

You visited 1 branch of the dungeon, and saw 4 of its levels.

You collected 199 gold pieces.

Inventory:

Hand Weapons
 a - a +0 hand axe (weapon)
Armour
 i - a +2 cloak (worn)
Scrolls
 e - a scroll of identify
 g - 5 scrolls of remove curse
 k - a scroll of immolation
Potions
 d - a potion of lignification
 j - a potion of haste
 o - 3 potions of curing
Comestibles
 b - 2 bread rations
 c - 4 fruits
 f - 2 meat rations
 l - a slice of pizza
 m - a beef jerky


   Skills:
 - Level 3.2 Fighting
 + Level 7.3 Axes
 - Level 2.6 Dodging
 - Level 1.7 Stealth


You had 5 spell levels left.
You didn't know any spells.

Dungeon Overview and Level Annotations

Branches:
Dungeon (4/15)
 Temple: D:4-7

Altars:
Cheibriados
Fedhas


Innate Abilities, Weirdness & Mutations

Your plain brown scales are hard. (AC +6)
You cannot fit into any form of body armour.
You are cold-blooded and may be slowed by cold attacks.


Message History

You hit the orc warrior but do no damage.
The orc warrior is moderately wounded.
The orc warrior hits you with a flail.
* * * LOW HITPOINT WARNING * * *
You completely miss the orc warrior.
The orc warrior is moderately wounded.
The orc wizard mumbles some strange words.
The orc wizard blinks!
The orc warrior hits you but does no damage.
You hit the orc warrior.
The orc warrior is heavily wounded.
The orc warrior hits you with a flail.
* * * LOW HITPOINT WARNING * * *
You barely miss the orc warrior.
The orc warrior is heavily wounded.
You hit the orc warrior but do no damage.
The orc warrior is heavily wounded.
You feel less woody.
Your +2 cloak unmelds from your body.
The orc warrior hits you with a flail!
You die...

##### #...# #######.#.#
#.......#.# #.#######.#
#...#.....# ###@#.##..#
###########o#.##..#######
##.#.#.#.#.#.#{#.#.#.#.#.#.#
#.#.#.#.#.#.#ยง#.#.#.#.#.#.#####
.#.....#.#.#.#.#(#.#.#.#.#.....
.o#o. #.#.#.#.#.#.#.#.#.#+.....
o...+#.#.#.#.#.#+#+#+#.#.....
..#.#.#.#.#.#.......#......
#.#.#.#.#.#'.......+#.###+


You could see an orc warrior.

Vanquished Creatures
  An ogre (D:4)
  A scorpion (D:4)
  An orc priest (D:3)
  An orc wizard (D:3)
  A worker ant (D:3)
  3 gnolls
  5 adders
  2 oozes
  An adder skeleton (D:4)
  A worm (D:3)
  2 leopard geckos (D:2)
  5 orcs (D:3)
  5 giant cockroaches
  5 goblins
  13 hobgoblins
  8 jackals (D:1)
  2 quokkas
  7 bats
  A frilled lizard (D:1)
  A kobold (D:1)
  A quokka skeleton (D:3)
  8 rats
75 creatures vanquished.

Notes
Turn   | Place    | Note
-------+----------+-------------------------------------------
     0 | D:1      | Alarkh the Draconian Monk began the quest for the Orb.
     0 | D:1      | Reached XP level 1. HP: 19/19 MP: 1/1
    92 | D:1      | Reached XP level 2. HP: 17/26 MP: 2/2
   400 | D:1      | Reached skill level 4 in Axes
   593 | D:1      | Reached XP level 3. HP: 27/31 MP: 3/3
   791 | D:2      | Found a blossoming altar of Fedhas.
   995 | D:2      | Found a snail-covered altar of Cheibriados.
  1785 | D:2      | Reached XP level 4. HP: 35/38 MP: 4/4
  1809 | D:2      | Reached skill level 5 in Axes
  2501 | D:3      | Reached XP level 5. HP: 44/45 MP: 5/5
  2712 | D:3      | Reached skill level 6 in Axes
  3296 | D:4      | Reached XP level 6. HP: 50/51 MP: 6/6
  3606 | D:4      | Reached skill level 7 in Axes
  4088 | D:4      | Noticed an orc warrior
  4137 | D:4      | HP: 1/76 [orc warrior/flail (5)]
  4139 | D:4      | Mangled by an orc warrior

Skill      XL: |  1  2  3  4  5  6 |
---------------+-------------------+-----
Axes           | 4 5 6 7 |  7.3
Fighting       | |  3.2
Dodging        | |  2.6
Stealth        | |  1.7

Action                   |  1- 3 |  4- 6 || total
-------------------------+-------+-------++-------
Melee: Hand axe          |   128 |   154 ||   282
       Tailslap          |    14 |    18 ||    32
  Use: Scroll            |     1 |    10 ||    11
       Potion            |       |     5 ||     5
 Stab: Sleeping          |     4 |     2 ||     6
  Eat: Chunk             |     2 |     8 ||    10
Armor: Skin              |    46 |    39 ||    85
Dodge: Dodged            |   113 |    64 ||   177
